 Dungeon Crawl Stone Soup version 0.26-b1-32-g5d43845318 (webtiles) character file.

Game seed: 10138528182189792305

2765 Canard the Spear-Bearer (level 9, -11/71 HPs)
             Began as a Merfolk Gladiator on Jan 9, 2021.
             Was a Believer of Wu Jian.
             Mangled by a two-headed ogre
             ... wielding a +0 giant spiked club
              (18 damage)
             ... on level 8 of the Dungeon.
             The game lasted 00:16:34 (10141 turns).

Canard the Spear-Bearer (Merfolk Gladiator)        Turns: 10141, Time: 00:16:34

Health: -11/71     AC: 11    Str: 18    XL:     9   Next: 69%
Magic:  18/18      EV: 14    Int:  7    God:    Wu Jian [**....]
Gold:   368        SH:  0    Dex: 15    Spells: 8/8 levels left

rFire    . . .     SeeInvis .   a - +1 trident
rCold    . . .     Faith    .   (no shield)
rNeg     . . .     Spirit   .   j - +0 scale mail
rPois    .         Reflect  .   c - +1 helmet
rElec    .         Harm     .   (no cloak)
rCorr    .         Rampage  .   (no gloves)
Will     .....                  g - +1 pair of boots
Stlth    ..........             (no amulet)
HPRegen  0.21/turn              (no ring)
MPRegen  0.16/turn              h - ring of magical power

@: no status effects
A: change form in water, swift swim, stealthy swim
a: Renounce Religion, Wall Jump


You were on level 8 of the Dungeon.
You worshipped Wu Jian.
Wu Jian was pleased with you.
You visited 2 branches of the dungeon, and saw 9 of its levels.
You also visited: Sewer.

You collected 368 gold pieces.

Inventory:

Hand Weapons
 a - a +1 trident (weapon)
 x - a +0 glaive
   (You took it off an orc warrior on level 6 of the Dungeon)
Missiles
 t - 7 boomerangs
 Z - 3 throwing nets (quivered) {!f}
Armour
 b - a +0 leather armour
 c - a +1 helmet (worn)
 g - a +1 pair of boots (worn)
   (You found it on level 5 of the Dungeon)
 j - a +0 scale mail (worn)
   (You found it on level 5 of the Dungeon)
 n - a cursed +0 cloak
   (You took it off Crazy Yiuf on level 5 of the Dungeon)
Jewellery
 h - a ring of magical power (right hand)
   (You found it on level 2 of the Dungeon)
Wands
 y - a wand of random effects (16)
   (You found it on level 8 of the Dungeon)
 A - a wand of acid (4)
   (You found it on level 6 of the Dungeon)
 D - a wand of digging (6)
   (You found it on level 6 of the Dungeon)
 P - a wand of paralysis (10)
   (You took it off an orc on level 3 of the Dungeon)
Scrolls
 f - 2 scrolls of fear
 m - 2 scrolls of blinking {unknown}
 o - a scroll of immolation
 p - 2 scrolls of noise {unknown}
 q - a scroll of amnesia {unknown}
 s - a scroll of enchant weapon
 v - a scroll of holy word {unknown}
 T - 3 scrolls of teleportation {@r3}
 W - 6 scrolls of remove curse {@r2}
Potions
 d - 4 potions of mutation
 e - 2 potions of cancellation
 i - a potion of might {unknown}
 k - a potion of ambrosia {unknown}
 l - a potion of magic {unknown}
 r - a potion of invisibility
 u - a potion of degeneration {unknown}
 w - 2 potions of attraction {unknown}
 Q - a potion of curing {@q1}


   Skills:
 * Level 6.4 Fighting
 - Level 14.0 Polearms
 - Level 2.0 Throwing
 + Level 3.1 Armour
 + Level 7.2 Dodging


You had 8 spell levels left.
You didn't know any spells.
Your spell library was empty.

Dungeon Overview and Level Annotations

Branches:
Dungeon (8/15)             Temple (1/1) D:4           Sewer (visited)
   Lair: D:8-11

Altars:
Ashenzari
Cheibriados
Dithmenos
Elyvilon
Fedhas
Gozag
Hepliaklqana
Kikubaaqudgha
Makhleb
Nemelex Xobeh
Okawaru
Qazlal
Ru
Sif Muna
Trog
Uskayaw
Vehumet
Wu Jian
Xom
Yredelemnul
Zin
The Shining One

Portals:
Abyss: D:5

Annotations:
D:5 Nattefrost's ghost, novice MfBr


Message History

The orc wizard flickers and vanishes!
Deactivating autopickup; reactivate with Ctrl-A.
Unknown command.
You spin and attack the two-headed ogre.
You puncture the two-headed ogre!
The two-headed ogre is moderately wounded.
The orc priest calls upon Beogh to heal the orc.
The orc's wounds heal themselves!
The two-headed ogre barely misses you.
The two-headed ogre hits you with a +0 giant spiked club!
* * * LOW HITPOINT WARNING * * *
Unknown command.
You spin and attack the two-headed ogre repeatedly.
You barely miss the two-headed ogre.
The two-headed ogre is moderately wounded.
You hit the two-headed ogre.
The two-headed ogre is moderately wounded.
The two-headed ogre hits you with a +0 giant spiked club!
* * * LOW HITPOINT WARNING * * *
The two-headed ogre hits you with a +0 giant spiked club!!
You die...

. .########
........###########
..o.....'.o.......#
........#.........#
........#.........#
........#...#####)##
........#...#...o..#
........#...#...@O.#
........#...#....o.#
........#####......#
#######...#........#
.#...(....PPP......#
.#......(PP...######
.#....#.PP_PP.#
.#....#.PPP.P.#
.'....#.(PP.P.#


You could see a two-headed ogre, an orc priest and an orc.

Vanquished Creatures
  2 orc warriors (D:6 D:7)
  A sky beast (D:4)
  3 phantoms (D:5 D:7)
  4 centaurs (D:5 D:6 D:7 D:8)
  3 ogres (D:2 D:4 D:5)
  5 bullfrogs (Sewer D:5 D:6 D:7)
  A scorpion (D:8)
  10 killer bees (D:4 D:5 D:6 D:7)
  A howler monkey (D:6)
  4 wights (D:6)
  2 bullfrog zombies (D:6)
  A centaur zombie (D:5)
  2 orc priests (D:4 D:7)
  Crazy Yiuf (D:5)
  An orc wizard (D:3)
  2 bullfrog skeletons (D:5 D:6)
  6 worker ants (D:4 D:5 D:6 D:8)
  A hound skeleton (D:6)
  A worker ant zombie (D:6)
  3 gnolls (D:2)
  5 adders (Sewer D:3 D:4 D:5)
  A white imp (D:5)
  An adder skeleton (D:6)
  2 dart slugs (D:3 D:4)
  3 leopard geckos (D:3 Sewer D:5)
  29 orcs (D:3 D:4 D:5 D:7 D:8)
  6 bats (D:1 D:2)
  2 bat zombies (D:4)
  11 giant cockroaches (D:2 D:3 Sewer D:6 D:7)
  3 goblins (D:1)
  2 hobgoblins (D:2 D:3)
  7 jackals (D:3 D:5 D:7)
  A quokka (D:5)
  7 ball pythons (D:1 D:2 D:3 Sewer)
  8 frilled lizards (D:2 D:3 Sewer D:5)
  10 kobolds (D:1 D:2)
  A leopard gecko skeleton (D:5)
  A quokka skeleton (D:5)
  10 rats (D:1 D:2 D:3)
  2 rat zombies (D:4)
166 creatures vanquished.

Vanquished Creatures (others)
  A bush (D:8)
1 creature vanquished.

Grand Total: 167 creatures vanquished

Notes
Turn   | Place    | Note
-------+----------+-------------------------------------------
     0 | D:1      | Canard the Merfolk Gladiator began the quest for the Orb.
     0 | D:1      | Reached XP level 1. HP: 16/16 MP: 1/1
   190 | D:1      | Reached XP level 2. HP: 23/23 MP: 2/2
   306 | D:1      | Reached skill level 5 in Polearms
   536 | D:2      | Reached skill level 3 in Fighting
   589 | D:2      | Reached XP level 3. HP: 29/29 MP: 3/3
   740 | D:2      | Noticed an ogre
   751 | D:2      | Killed an ogre
   752 | D:2      | Reached skill level 4 in Fighting
   752 | D:2      | Reached skill level 6 in Polearms
   752 | D:2      | Reached XP level 4. HP: 30/37 MP: 4/4
  1105 | D:2      | Reached XP level 5. HP: 39/42 MP: 5/5
  1421 | D:2      | Reached skill level 7 in Polearms
  2073 | D:3      | Found a glowing drain.
  2113 | Sewer    | Entered a sewer
  2227 | Sewer    | Reached skill level 8 in Polearms
  2285 | Sewer    | Reached XP level 6. HP: 25/48 MP: 6/6
  2292 | Sewer    | Reached skill level 9 in Polearms
  3001 | D:4      | Found a staircase to the Ecumenical Temple.
  3015 | Temple   | Entered the Ecumenical Temple
  3153 | Temple   | Became a worshipper of the Wu Jian Council
  3453 | D:4      | Reached skill level 1 in Armour
  3453 | D:4      | Reached XP level 7. HP: 47/55 MP: 7/7
  3689 | D:4      | Found an ancient bone altar of Kikubaaqudgha.
  3958 | D:4      | HP: 8/55 [killer bee (6)]
  3964 | D:4      | Reached skill level 5 in Dodging
  3965 | D:4      | HP: 16/82 [poisoned by a killer bee]
  3972 | D:4      | HP: 13/82 [killer bee (4)]
  3975 | D:4      | HP: 6/82 [killer bee (3)]
  3982 | D:4      | HP: 1/55 [poisoned by a killer bee]
  3990 | D:4      | HP: 1/55 [poisoned by a killer bee]
  4768 | D:5      | Entered Level 5 of the Dungeon
  4790 | D:5      | Found a one-way gate to the infinite horrors of the Abyss.
  4790 | D:5      | Noticed Nattefrost's ghost (novice MfBr)
  4831 | D:5      | Found a transporter.
  4873 | D:5      | Found a transporter.
  4976 | D:5      | Reached skill level 5 in Fighting
  4992 | D:5      | Reached skill level 2 in Armour
  4992 | D:5      | Reached XP level 8. HP: 14/62 MP: 8/8
  5255 | D:5      | Reached skill level 10 in Polearms
  5377 | D:5      | Reached * piety under Wu Jian
  5432 | D:5      | Reached skill level 6 in Dodging
  5580 | D:5      | Found a runed translucent door.
  5581 | D:5      | Noticed Crazy Yiuf
  5807 | D:5      | Killed Crazy Yiuf
  6383 | D:5      | Reached skill level 6 in Fighting
  6749 | D:5      | Reached skill level 3 in Armour
  6749 | D:5      | Reached skill level 7 in Dodging
  6756 | D:5      | Reached skill level 11 in Polearms
  6764 | D:5      | HP: 12/64 [poisoned by a killer bee]
  6769 | D:5      | HP: 9/64 [poisoned by a killer bee]
  6774 | D:5      | HP: 7/64 [poisoned by a killer bee]
  6779 | D:5      | HP: 6/64 [poisoned by a killer bee]
  6786 | D:5      | HP: 5/64 [poisoned by a killer bee]
  6794 | D:5      | HP: 5/64 [poisoned by a killer bee]
  7382 | D:6      | Reached XP level 9. HP: 56/69 MP: 9/9
  7443 | D:6      | Reached skill level 12 in Polearms
  8573 | D:7      | Found a sacrificial altar of Ru.
  8605 | D:6      | Reached skill level 13 in Polearms
  9231 | D:7      | Reached ** piety under Wu Jian
  9247 | D:7      | Reached skill level 14 in Polearms
  9415 | D:7      | Noticed a six-headed hydra
  9818 | D:8      | Found a blossoming altar of Fedhas.
 10105 | D:8      | Noticed a two-headed ogre
 10141 | D:8      | HP: 7/71 [two-headed ogre/+0 giant spiked club (11)]
 10141 | D:8      | Mangled by a two-headed ogre

Illustrated notes

Levels and vault maps discovered:
D:1:      dpeg_arrival_simpleton_c, layout_basic
D:2:      layout_basic
D:3:      layout_loops_ring, portal_sewer_entry_b
D:4:      layout_gridville, lemuel_zombie_altar_kikubaaqudgha,
          minmay_temple_entry_antechambers, minmay_stone_trees_small,
          corexii_hall_statues_l, minmay_misc_feat_tower, grunt_decor_arrowhead
D:5:      layout_basic, gammafunk_ghost_abyssal_escape, uniq_crazy_yiuf_cottage
D:6:      layout_loops_ring
D:7:      layout_rooms, basic_altar
D:8:      layout_gridville, fedhas_bush_and_centaur_altar, uniq_gastronok
Temple:   minmay_crystal_snake_temple

Skill      XL: |  1  2  3  4  5  6  7  8  9 |
---------------+----------------------------+-----
Polearms       | 5 6 8 9 11 14 | 14.0
Fighting       | 3 4 5 6 |  6.4
Armour         | 1 2 3 |  3.1
Dodging        | 5 7 |  7.2
Throwing       | |  2.0

Action                   |  1- 3 |  4- 6 |  7- 9 || total
-------------------------+-------+-------+-------++-------
Melee: Trident           |    80 |   208 |   477 ||   765
Invok: Lunge             |       |     1 |    14 ||    15
       Whirlwind         |       |       |    20 ||    20
  Use: Scroll            |     9 |     3 |     2 ||    14
       Potion            |       |     1 |     7 ||     8
 Stab: Sleeping          |     2 |     3 |       ||     5
       Invisible         |       |       |     2 ||     2
       Distracted        |       |       |     1 ||     1
Armor: Leather armour    |    26 |    35 |    22 ||    83
       Skin              |       |       |    51 ||    51
       Scale mail        |       |       |    82 ||    82
Dodge: Dodged            |    48 |   112 |   278 ||   438
